3AAA
PORT ROYAL DISASTER @ SIOUX FALLS RED PANDAS
06/10/2034
 
TOP OF THE 1ST
Port Royal Disaster batting - Pitching for Sioux Falls Red Pandas : RHP Drake Riley
Pitching: RHP Drake Riley
Batting: RHB Manuel Becerra 0-0: Called Strike
0-1: Reached on error, E5 (Groundball, 56S)
Batting: SHB Júlio Morín Jr. 0-0: Called Strike
0-1: Ball
1-1: Ball
2-1: Ball
3-1: Called Strike
3-2: Base on Balls
Batting: LHB Guillermo Arellano 0-0: Fielders Choice at 2nd, 1-6 (Groundball, 13S)
Manuel Becerra to third
Batting: RHB John Burton 0-0: Ball
1-0: Swinging Strike
1-1: Fly out, F7 (Flyball, 7D)
Runner from 3rd tags up, SCORES, no throw
Batting: RHB Anson Darrah 0-0: Called Strike
0-1: Fly out, F5 (Popup, 56)
Top of the 1st over - 1 run, 0 hits, 1 error, 1 left on base; Port Royal 1 - Sioux Falls 0
BOTTOM OF THE 1ST
Sioux Falls Red Pandas batting - Pitching for Port Royal Disaster : RHP Aldo Raine
Pitching: RHP Aldo Raine
Batting: RHB Juanito González 0-0: Ball
1-0: Ball
2-0: Swinging Strike
2-1: Ball
3-1: Base on Balls
Batting: RHB Steve Irwin 0-0: Ball
1-0: Ball
Juanito González steals 2nd base
2-0: Called Strike
2-1: Foul Ball, location: 2F
2-2: Ground out 5-3 (Groundball, 56)
Batting: LHB Adrian McCoy 0-0: Ball
1-0: Swinging Strike
1-1: Ball
2-1: Ball
3-1: Foul Ball, location: 2F
3-2: Fly out, F9 (Line Drive, 9)
Batting: LHB Terrence Eler 0-0: Fly out, F9 (Flyball, 89D)
Bottom of the 1st over - 0 runs, 0 hits, 0 errors, 1 left on base; Port Royal 1 - Sioux Falls 0
TOP OF THE 2ND
Port Royal Disaster batting - Pitching for Sioux Falls Red Pandas : RHP Drake Riley
Batting: RHB Wrangler Haresnape 0-0: Called Strike
0-1: Ball
1-1: DOUBLE (Flyball, 78XD)
Batting: RHB Michael Brannon 0-0: Swinging Strike
0-1: Ball
1-1: Ground out 5-3 (Groundball, 56S)
Wrangler Haresnape to third
Batting: RHB Richard Cutshall 0-0: Swinging Strike
0-1: Ball
1-1: Swinging Strike
1-2: Foul Ball, location: 2F
1-2: Ground out 5-3 (Groundball, 56)
Wrangler Haresnape scores
Batting: RHB Steve Bock 0-0: Ball
1-0: Ground out 4-3 (Groundball, 4M)
Top of the 2nd over - 1 run, 1 hit, 0 errors, 0 left on base; Port Royal 2 - Sioux Falls 0
BOTTOM OF THE 2ND
Sioux Falls Red Pandas batting - Pitching for Port Royal Disaster : RHP Aldo Raine
Batting: RHB Wilfred McLaughlin 0-0: Called Strike
0-1: Ball
1-1: Ball
2-1: Ball
3-1: Base on Balls
Batting: RHB Miguel Morán 0-0: Foul Ball, location: 2F
0-1: Swinging Strike
0-2: Foul Ball, location: 2F
0-2: Foul Ball, location: 2F
0-2: Strikes out looking
Batting: RHB Martinus Xhaka 0-0: Ball
1-0: Fly out, F7 (Line Drive, 7S)
Batting: RHB Bryant Skelly 0-0: Called Strike
0-1: Ball
1-1: Ball
2-1: Foul Ball, location: 2F
2-2: SINGLE (Groundball, 3D)
Wilfred McLaughlin to second
Runner from 2nd tries for 3rd, SAFE, throw made to third
Batting: SHB Kilipaki Malamapono 0-0: Ball
1-0: Foul Ball, location: 2F
1-1: Fly out, F3 (Popup, 23F)
Bottom of the 2nd over - 0 runs, 1 hit, 0 errors, 2 left on base; Port Royal 2 - Sioux Falls 0
TOP OF THE 3RD
Port Royal Disaster batting - Pitching for Sioux Falls Red Pandas : RHP Drake Riley
Batting: RHB Manuel Becerra 0-0: Ball
1-0: Foul Ball, location: 2F
1-1: Swinging Strike
1-2: Ball
2-2: Ground out 6-3 (Groundball, 6S)
Batting: SHB Júlio Morín Jr. 0-0: Ball
1-0: Swinging Strike
1-1: Ball
2-1: SOLO HOME RUN (Flyball, 9LD), Distance : 370 ft
Batting: LHB Guillermo Arellano 0-0: Ball
1-0: Called Strike
1-1: DOUBLE (Flyball, 8LD)
Batting: RHB John Burton 0-0: Called Strike
0-1: Foul Ball, location: 2F
0-2: Ball
1-2: Ball
2-2: Ground out 1-3 (Groundball, 13S)
Guillermo Arellano to third
Batting: RHB Anson Darrah 0-0: Fly out, F2 (Popup, 23F)
Top of the 3rd over - 1 run, 2 hits, 0 errors, 1 left on base; Port Royal 3 - Sioux Falls 0
BOTTOM OF THE 3RD
Sioux Falls Red Pandas batting - Pitching for Port Royal Disaster : RHP Aldo Raine
Batting: RHB Juanito González 0-0: Called Strike
0-1: Foul Ball, location: 2F
0-2: Foul Ball, location: 2F
0-2: Ball
1-2: SINGLE (Line Drive, 78S)
Batting: RHB Steve Irwin 0-0: Called Strike
0-1: Ball
1-1: Foul Ball, location: 2F
1-2: Foul Ball, location: 2F
1-2: Ball
2-2: SINGLE (Line Drive, 78M)
Juanito González to second
Batting: LHB Adrian McCoy 0-0: Ball
1-0: Foul Ball, location: 2F
1-1: Ball
2-1: Foul Ball, location: 2F
2-2: Foul Ball, location: 2F
2-2: Grounds into double play, 4-6-3 (Groundball, 34D)
Juanito González to third
Batting: LHB Terrence Eler 0-0: Ground out 1-3 (Groundball, P)
Bottom of the 3rd over - 0 runs, 2 hits, 0 errors, 1 left on base; Port Royal 3 - Sioux Falls 0
TOP OF THE 4TH
Port Royal Disaster batting - Pitching for Sioux Falls Red Pandas : RHP Drake Riley
Batting: RHB Wrangler Haresnape 0-0: Ground out 6-3 (Groundball, 6)
Batting: RHB Michael Brannon 0-0: Swinging Strike
0-1: Ball
1-1: Ball
2-1: Called Strike
2-2: Ball
3-2: Base on Balls
Batting: RHB Richard Cutshall 0-0: Called Strike
0-1: Ball
1-1: Swinging Strike
1-2: Ball
2-2: Strikes out swinging
Batting: RHB Steve Bock 0-0: Fielders Choice at 2nd, 6-4 (Groundball, 6)
Top of the 4th over - 0 runs, 0 hits, 0 errors, 1 left on base; Port Royal 3 - Sioux Falls 0
BOTTOM OF THE 4TH
Sioux Falls Red Pandas batting - Pitching for Port Royal Disaster : RHP Aldo Raine
Batting: RHB Wilfred McLaughlin 0-0: Called Strike
0-1: Fly out, F7 (Line Drive, 78M)
Batting: RHB Miguel Morán 0-0: Ball
1-0: Ball
2-0: Ground out 6-3 (Groundball, 6M)
Batting: RHB Martinus Xhaka 0-0: Ball
1-0: Called Strike
1-1: Ball
2-1: Ball
3-1: Called Strike
3-2: Fly out, F8 (Flyball, 8LS)
Bottom of the 4th over - 0 runs, 0 hits, 0 errors, 0 left on base; Port Royal 3 - Sioux Falls 0
TOP OF THE 5TH
Port Royal Disaster batting - Pitching for Sioux Falls Red Pandas : RHP Drake Riley
Batting: RHB Manuel Becerra 0-0: Ball
1-0: Foul Ball, location: 2F
1-1: Foul Ball, location: 2F
1-2: Ball
2-2: Ball
3-2: Foul Ball, location: 2F
3-2: Ground out 5-3 (Groundball, 5S)
Pitching: LHP Wilson Longoria
Batting: SHB Júlio Morín Jr. 0-0: Ball
1-0: Foul Ball, location: 2F
1-1: Fly out, F6 (Popup, 6M)
Batting: LHB Guillermo Arellano 0-0: Ball
1-0: Called Strike
1-1: Foul Ball, location: 2F
1-2: Ground out 5-3 (Groundball, 5)
Top of the 5th over - 0 runs, 0 hits, 0 errors, 0 left on base; Port Royal 3 - Sioux Falls 0
BOTTOM OF THE 5TH
Sioux Falls Red Pandas batting - Pitching for Port Royal Disaster : RHP Aldo Raine
Batting: RHB Bryant Skelly 0-0: Fly out, F8 (Flyball, 78M)
Batting: SHB Kilipaki Malamapono 0-0: Ball
1-0: Ball
2-0: Ball
3-0: Called Strike
3-1: Called Strike
3-2: Foul Ball, location: 2F
3-2: Ground out 3-1 (Groundball, 34S)
Batting: RHB Juanito González 0-0: Foul Ball, location: 2F
0-1: Ball
1-1: Called Strike
1-2: Foul Ball, location: 2F
1-2: Strikes out swinging
Bottom of the 5th over - 0 runs, 0 hits, 0 errors, 0 left on base; Port Royal 3 - Sioux Falls 0
TOP OF THE 6TH
Port Royal Disaster batting - Pitching for Sioux Falls Red Pandas : LHP Wilson Longoria
Batting: RHB John Burton 0-0: Ball
1-0: SINGLE (Line Drive, 6MD)
Batting: RHB Anson Darrah 0-0: Foul Ball, location: 2F
0-1: Reached on error, E5 (Groundball, 5S)
John Burton to second
Batting: RHB Wrangler Haresnape 0-0: Ball
1-0: Sac Bunt - play at first, batter OUT! 5-4
John Burton to third
Anson Darrah to second
Batting: RHB Michael Brannon 0-0: Ball
1-0: Called Strike
1-1: Foul Ball, location: 2F
1-2: Ball
2-2: Ball
3-2: Strikes out swinging
Batting: RHB Richard Cutshall 0-0: Ball
1-0: Foul Ball, location: 2F
1-1: Ground out 1-3 (Groundball, 15S)
Top of the 6th over - 0 runs, 1 hit, 1 error, 2 left on base; Port Royal 3 - Sioux Falls 0
BOTTOM OF THE 6TH
Sioux Falls Red Pandas batting - Pitching for Port Royal Disaster : RHP Aldo Raine
Batting: RHB Steve Irwin 0-0: Called Strike
0-1: Foul Ball, location: 2F
0-2: Ball
1-2: SOLO HOME RUN (Flyball, 7LD), Distance : 385 ft
Batting: LHB Adrian McCoy 0-0: Ball
1-0: Fly out, F9 (Flyball, 9D)
Pitching: LHP Chet Saks
Batting: LHB Terrence Eler 0-0: Called Strike
0-1: Foul Ball, location: 2F
0-2: Ground out 5-3 (Groundball, 5)
Batting: RHB Wilfred McLaughlin 0-0: Swinging Strike
0-1: Called Strike
0-2: Ball
1-2: Ball
2-2: Ball
3-2: Foul Ball, location: 2F
3-2: SINGLE (Groundball, 3D)
Batting: RHB Miguel Morán 0-0: Foul Ball, location: 2F
0-1: Called Strike
0-2: Fly out, F9 (Flyball, 89M)
Bottom of the 6th over - 1 run, 2 hits, 0 errors, 1 left on base; Port Royal 3 - Sioux Falls 1
TOP OF THE 7TH
Port Royal Disaster batting - Pitching for Sioux Falls Red Pandas : LHP Wilson Longoria
Batting: RHB Steve Bock 0-0: Called Strike
0-1: Ball
1-1: Ball
2-1: Called Strike
2-2: SINGLE (Line Drive, 89S)
Batting: RHB Manuel Becerra 0-0: Sac Bunt - play at second, runner OUT! 1-6
Batting: SHB Júlio Morín Jr. 0-0: Ball
1-0: Foul Ball, location: 2F
1-1: Ball
2-1: Called Strike
2-2: Ball
3-2: Fly out, F5 (Line Drive, 5)
Lined into DP, 5-3 (Line Drive, 5)
Top of the 7th over - 0 runs, 1 hit, 0 errors, 0 left on base; Port Royal 3 - Sioux Falls 1
BOTTOM OF THE 7TH
Sioux Falls Red Pandas batting - Pitching for Port Royal Disaster : LHP Chet Saks
Batting: RHB Martinus Xhaka 0-0: Ball
1-0: Ball
2-0: Ball
3-0: Base on Balls
Batting: RHB Bryant Skelly 0-0: Ball
1-0: Swinging Strike
1-1: Swinging Strike
1-2: Strikes out looking
Batting: SHB Kilipaki Malamapono 0-0: Called Strike
0-1: Ball
1-1: SINGLE (Groundball, 34D)
Martinus Xhaka to second
Runner from 2nd tries for 3rd, SAFE, no throw
Batting: RHB Juanito González 0-0: Ball
1-0: Ball
2-0: SINGLE (Groundball, 34D)
Martinus Xhaka scores
Kilipaki Malamapono to second
Runner from 2nd tries for 3rd, SAFE, no throw
Batting: RHB Steve Irwin 0-0: Ball
1-0: Ball
2-0: Ball
3-0: Called Strike
3-1: Swinging Strike
3-2: Foul Ball, location: 2F
3-2: SINGLE (Groundball, 56D)
Kilipaki Malamapono scores
Juanito González to second
Juanito González to third
Pitching: LHP Magnus Scheving
Batting: LHB Adrian McCoy 0-0: Ball
1-0: Ball
2-0: Ball
3-0: Base on Balls
Steve Irwin to second
Batting: LHB Terrence Eler 0-0: Called Strike
0-1: Ball
1-1: Ball
2-1: Ball
3-1: Foul Ball, location: 2F
3-2: Base on Balls
Juanito González scores
Steve Irwin to third
Adrian McCoy to second
Batting: RHB Wilfred McLaughlin 0-0: Ball
1-0: Ball
2-0: Foul Ball, location: 2F
2-1: Ball
3-1: Foul Ball, location: 2F
3-2: Base on Balls
Steve Irwin scores
Adrian McCoy to third
Terrence Eler to second
Batting: RHB Miguel Morán 0-0: Ball
1-0: Foul Ball, location: 2F
1-1: Foul Ball, location: 2F
1-2: Ball
2-2: Grounds into fielders choice 5-2 (Groundball, 56)
Terrence Eler to third
Wilfred McLaughlin to second
Batting: RHB Martinus Xhaka 0-0: Ball
1-0: Called Strike
1-1: Ball
2-1: Called Strike
2-2: Ball
3-2: Foul Ball, location: 2F
3-2: Foul Ball, location: 2F
3-2: Foul Ball, location: 2F
3-2: Foul Ball, location: 2F
3-2: Base on Balls
Terrence Eler scores
Wilfred McLaughlin to third
Miguel Morán to second
Batting: RHB Bryant Skelly 0-0: Foul Ball, location: 2F
0-1: Foul Ball, location: 2F
0-2: Strikes out swinging
Bottom of the 7th over - 5 runs, 3 hits, 0 errors, 3 left on base; Port Royal 3 - Sioux Falls 6
TOP OF THE 8TH
Port Royal Disaster batting - Pitching for Sioux Falls Red Pandas : LHP Wilson Longoria
Batting: LHB Guillermo Arellano 0-0: DOUBLE (Flyball, 9LD)
Batting: RHB John Burton 0-0: Ball
1-0: Foul Ball, location: 2F
1-1: Called Strike
1-2: SINGLE (Line Drive, 8LS)
Guillermo Arellano to third
Batting: RHB Anson Darrah 0-0: Fly out, F9 (Flyball, 9S)
Batting: RHB Wrangler Haresnape 0-0: Called Strike
0-1: Ball
1-1: Ground out 4-3 (Groundball, 4S)
Guillermo Arellano scores
John Burton to second
Batting: RHB Michael Brannon 0-0: Called Strike
0-1: Called Strike
0-2: Ball
1-2: Foul Ball, location: 2F
1-2: Ball
2-2: Foul Ball, location: 2F
2-2: DOUBLE (Flyball, 78XD)
John Burton scores
Pitching: RHP Ricardo Gómez
Batting: RHB Richard Cutshall 0-0: Ball
1-0: Foul Ball, location: 2F
1-1: Foul Ball, location: 2F
1-2: DOUBLE (Line Drive, 78D)
Michael Brannon scores
Batting: RHB Steve Bock 0-0: Ball
1-0: Ball
2-0: Called Strike
2-1: Swinging Strike
2-2: Ball
3-2: Base on Balls
Batting: RHB Manuel Becerra 0-0: Fielders Choice at 2nd, 6-4 (Groundball, 6)
Top of the 8th over - 3 runs, 4 hits, 0 errors, 2 left on base; Port Royal 6 - Sioux Falls 6
BOTTOM OF THE 8TH
Sioux Falls Red Pandas batting - Pitching for Port Royal Disaster : LHP Magnus Scheving
Batting: SHB Kilipaki Malamapono 0-0: Ball
1-0: DOUBLE (Line Drive, 89XD)
Batting: RHB Juanito González 0-0: Intentional Walk
Batting: RHB Steve Irwin 0-0: Ball
1-0: Foul Ball, location: 2F
1-1: Ball
2-1: Grounds into double play, 6-4-3 (Groundball, 56)
Kilipaki Malamapono to third
Batting: LHB Adrian McCoy 0-0: Called Strike
0-1: Called Strike
0-2: Ball
1-2: Ball
2-2: Foul Ball, location: 2F
2-2: Fly out, F7 (Flyball, 78S)
Bottom of the 8th over - 0 runs, 1 hit, 0 errors, 1 left on base; Port Royal 6 - Sioux Falls 6
TOP OF THE 9TH
Port Royal Disaster batting - Pitching for Sioux Falls Red Pandas : RHP Ricardo Gómez
Batting: SHB Júlio Morín Jr. 0-0: Called Strike
0-1: Swinging Strike
0-2: Ball
1-2: Foul Ball, location: 2F
1-2: Hit by Pitch
Batting: LHB Guillermo Arellano 0-0: Called Strike
0-1: Called Strike
0-2: Ball
1-2: Ball
2-2: Foul Ball, location: 2F
2-2: Foul Ball, location: 2F
2-2: Ball
3-2: Base on Balls
Júlio Morín Jr. to second
Batting: RHB John Burton 0-0: Called Strike
0-1: Ball
1-1: Called Strike
1-2: Strikes out looking
Batting: RHB Anson Darrah 0-0: Foul Ball, location: 2F
0-1: Called Strike
0-2: Ball
1-2: Foul Ball, location: 2F
1-2: Ball
2-2: Strikes out swinging
Batting: RHB Wrangler Haresnape 0-0: Ground out 5-3 (Groundball, 5S)
Top of the 9th over - 0 runs, 0 hits, 0 errors, 2 left on base; Port Royal 6 - Sioux Falls 6
BOTTOM OF THE 9TH
Sioux Falls Red Pandas batting - Pitching for Port Royal Disaster : LHP Magnus Scheving
Pitching: RHP Chenor Njie
Batting: LHB Terrence Eler 0-0: Called Strike
0-1: Foul Ball, location: 2F
0-2: Ball
1-2: Strikes out swinging
Pinch Hitting: LHB Roberto Sánchez 0-0: Ball
1-0: Called Strike
1-1: SINGLE (Line Drive, 9LS)
Pinch Hitting: LHB Yun Yen 0-0: Ball
1-0: Foul Ball, location: 2F
1-1: Ball
Roberto Sánchez steals 2nd base
2-1: Intentional Walk
Batting: RHB Martinus Xhaka 0-0: Ball
1-0: Ball
2-0: Grounds into double play, 6-4-3 (Groundball, 6)
Bottom of the 9th over - 0 runs, 1 hit, 0 errors, 1 left on base; Port Royal 6 - Sioux Falls 6
TOP OF THE 10TH
Port Royal Disaster batting - Pitching for Sioux Falls Red Pandas : RHP Ricardo Gómez
Now at 1B: Roberto Sánchez
Now at 3B: António Granados
Batting: RHB Michael Brannon 0-0: Ball
1-0: Foul Ball, location: 2F
1-1: SINGLE (Flyball, 7S)
Batting: RHB Richard Cutshall 0-0: Swinging Strike
0-1: Ball
1-1: Called Strike
1-2: Foul Ball, location: 2F
1-2: Grounds into double play, 3-6-4 (Groundball, 34)
Batting: RHB Steve Bock 0-0: Ground out 4-3 (Groundball, 4)
Top of the 10th over - 0 runs, 1 hit, 0 errors, 0 left on base; Port Royal 6 - Sioux Falls 6
BOTTOM OF THE 10TH
Sioux Falls Red Pandas batting - Pitching for Port Royal Disaster : RHP Chenor Njie
Pinch Hitting: LHB Ramón Félix 0-0: Called Strike
0-1: Foul Ball, location: 2F
0-2: Ball
1-2: Ground out 1-3 (Groundball, 13S)
Batting: SHB Kilipaki Malamapono 0-0: Ball
1-0: Called Strike
1-1: Ball
2-1: Foul Ball, location: 2F
2-2: Ground out U3 (Groundball, 3)
Batting: RHB Juanito González 0-0: Ball
1-0: Fly out, F8 (Line Drive, 8LD)
Bottom of the 10th over - 0 runs, 0 hits, 0 errors, 0 left on base; Port Royal 6 - Sioux Falls 6
TOP OF THE 11TH
Port Royal Disaster batting - Pitching for Sioux Falls Red Pandas : RHP Ricardo Gómez
Now in LF: Ramón Félix
Batting: RHB Manuel Becerra 0-0: Called Strike
0-1: Swinging Strike
0-2: Ball
1-2: Ground out 6-3 (Groundball, 6MS)
Batting: SHB Júlio Morín Jr. 0-0: Foul Ball, location: 2F
0-1: SINGLE (Flyball, 89M)
Batting: LHB Guillermo Arellano 0-0: Ball
1-0: Swinging Strike
1-1: Fly out, F3 (Line Drive, 3)
Batting: RHB John Burton 0-0: Ball
1-0: SINGLE (Groundball, 25) (infield hit)
Júlio Morín Jr. to second
Batting: RHB Anson Darrah 0-0: Ball
1-0: Ball
2-0: Called Strike
2-1: Foul Ball, location: 2F
2-2: SINGLE (Groundball, 4MD)
Júlio Morín Jr. to third
John Burton to second
Runner from 3rd tries for Home, SAFE, no throw
Pitching: RHP Anderson O'Mara
Batting: RHB Wrangler Haresnape 0-0: Ball
1-0: Ground out 1-3 (Groundball, 15S)
Top of the 11th over - 1 run, 3 hits, 0 errors, 2 left on base; Port Royal 7 - Sioux Falls 6
BOTTOM OF THE 11TH
Sioux Falls Red Pandas batting - Pitching for Port Royal Disaster : RHP Chenor Njie
Pitching: RHP Alfonso Santa Maria
Now at C: Lorenzo Díaz
Batting: RHB Steve Irwin 0-0: Ball
1-0: Called Strike
1-1: Ball
2-1: Ball
3-1: Base on Balls
Batting: LHB Adrian McCoy 0-0: Ball
1-0: Foul Ball, location: 2F
1-1: Swinging Strike
1-2: Ball
Wild Pitch!
Steve Irwin to second
2-2: Foul Ball, location: 2F
2-2: Foul Ball, location: 2F
2-2: Ball
3-2: Base on Balls
Batting: LHB Terrence Eler 0-0: Called Strike
0-1: Fly out, F9 (Flyball, 9S)
Batting: LHB Roberto Sánchez 0-0: Called Strike
0-1: Ball
Wild Pitch!
Steve Irwin to third
Adrian McCoy to second
1-1: Swinging Strike
1-2: Fly out, F7 (Flyball, 78S)
Runner from 3rd tags up, SCORES, throw made
Adrian McCoy to third
Pinch Hitting: LHB Mark Armstead 0-0: Fly out, F6 (Line Drive, 6M)
Bottom of the 11th over - 1 run, 0 hits, 0 errors, 1 left on base; Port Royal 7 - Sioux Falls 7
TOP OF THE 12TH
Port Royal Disaster batting - Pitching for Sioux Falls Red Pandas : RHP Anderson O'Mara
Now in LF: Mark Armstead
Batting: RHB Michael Brannon 0-0: Ball
1-0: Swinging Strike
1-1: Foul Ball, location: 2F
1-2: Strikes out looking
Batting: RHB Richard Cutshall 0-0: Foul Ball, location: 2F
0-1: Fly out, F6 (Line Drive, 6)
Batting: RHB Steve Bock 0-0: Reached on error, E6 (Groundball, 6)
Batting: RHB Manuel Becerra 0-0: Fly out, F6 (Line Drive, 6M)
Top of the 12th over - 0 runs, 0 hits, 1 error, 1 left on base; Port Royal 7 - Sioux Falls 7
BOTTOM OF THE 12TH
Sioux Falls Red Pandas batting - Pitching for Port Royal Disaster : RHP Alfonso Santa Maria
Batting: RHB Martinus Xhaka 0-0: Called Strike
0-1: Ground out 6-3 (Groundball, 6)
Batting: LHB Ramón Félix 0-0: Ball
1-0: Ball
2-0: Ball
3-0: Called Strike
3-1: Called Strike
3-2: Foul Ball, location: 2F
3-2: Foul Ball, location: 2F
3-2: Base on Balls
Batting: SHB Kilipaki Malamapono 0-0: Ball
1-0: SINGLE (Line Drive, 34S) (infield hit)
Ramón Félix to second
Pinch Runner at 2nd Eric D'Angle:
Batting: RHB Juanito González 0-0: Swinging Strike
0-1: Ball
Eric D'Angle steals 3rd base
Kilipaki Malamapono to second
1-1: Intentional Walk
Batting: RHB Steve Irwin 0-0: Called Strike
0-1: SINGLE (Flyball, 6D)
Eric D'Angle scores
Friday, March 29th, 2019 - OOTP Baseball 18.8 Build 76